 Dungeon Crawl Stone Soup version 0.18.1-50-g88ac8fd (webtiles) character file.

806 magog001 the Covert (level 7, -7/46 HPs)
             Began as an Octopode Assassin on June 12, 2017.
             Was a Believer of Nemelex Xobeh.
             Mangled by an ice beast (12 damage)
             ... on level 6 of the Dungeon.
             The game lasted 00:40:48 (6283 turns).

magog001 the Covert (Octopode Assassin)             Turns: 6283, Time: 00:40:49

Health: -7/46      AC:  3    Str: 11    XL:     7   Next: 91%
Magic:  7/7        EV: 14    Int: 13    God:    Nemelex Xobeh [**....]
Gold:   213        SH:  0    Dex: 17    Spells: 0 memorised, 6 levels left

rFire  + . .     SeeInvis .     r - +2 dagger (venom)
rCold  . . .     Gourm    .     (no shield)
rNeg   + . .     Faith    .     (helmet restricted)
rPois  .         Spirit   .     (no amulet)
rElec  .         Dismiss  .     m - ring of positive energy
rCorr  .         Reflect  .     w - ring of protection from cold
SustAt .         Harm     .     d - ring of fire
MR     .....                    (no ring)
Stlth  ++++++....               (no ring)
                                (no ring)
                                (no ring)
                                (no ring)

@: not resistant to hostile enchantments, very stealthy
A: almost no armour, amphibious, 8 rings, constrict 8, tentacle spike 1, yellow
scales 1, camouflage 1, agile 1, gelatinous body 1
a: Renounce Religion


You were on level 6 of the Dungeon.
You worshipped Nemelex Xobeh.
Nemelex Xobeh was pleased with you.
You were not hungry.

You visited 1 branch of the dungeon, and saw 6 of its levels.

You collected 213 gold pieces.

Inventory:

Hand Weapons
 b - a +1 blowgun
 r - a +2 dagger of venom (weapon)
Missiles
 a - 18 sling bullets
 c - 18 poisoned needles
 h - 6 javelins
 B - 3 tomahawks (quivered)
Jewellery
 d - a ring of fire (on tentacle)
 m - a ring of positive energy (left tentacle)
 w - a ring of protection from cold (right tentacle)
Scrolls
 f - 2 scrolls of enchant armour {unknown}
 k - a scroll of remove curse
 l - 5 scrolls of identify
Potions
 e - 5 potions of curing
 n - a potion of haste
Miscellaneous
 x - a plain deck of destruction {drawn: 2}
Comestibles
 i - a beef jerky
 u - 2 meat rations
 A - 2 bread rations


   Skills:
 + Level 3.2 Fighting
 * Level 3.8 Short Blades
 * Level 4.0 Throwing
 + Level 3.5 Dodging
 * Level 9.2 Stealth
 + Level 1.0 Evocations


You had 6 spell levels left.
You didn't know any spells.

Dungeon Overview and Level Annotations

Branches:
Dungeon (6/15)             Temple (0/1) D:5

Altars:
Ashenzari
Cheibriados
Gozag
Nemelex Xobeh
Okawaru
Ru
Sif Muna
Trog
Yredelemnul


Innate Abilities, Weirdness & Mutations

You cannot wear most types of armour.
You are amphibious.
You can wear up to eight rings at the same time.
You can use your tentacles to constrict eight enemies at once.
Your skin changes colour to match your surroundings (Stealth).
Your rubbery body absorbs attacks (AC +1).
One of your tentacles bears a spike.
You are partially covered in yellow scales (AC +2).
You are agile. (Dex +2)


Message History

You pierce the ice beast, but do no damage.
Your squeeze misses the ice beast.
The ice beast is moderately wounded.
The ice beast completely misses you.
You hit the ice beast but do no damage.
Your tentacle spike misses the ice beast.
You squeeze the ice beast!
The ice beast is severely wounded.
The ice beast hits you. The ice beast freezes you!
You hit the ice beast.
You pierce the ice beast, but do no damage.
The ice beast is almost dead.
The ice beast hits you. The ice beast freezes you!
* * * LOW HITPOINT WARNING * * *
Drink which item? (? for menu, Esc to quit)
You feel better. The ice beast hits you.
* * * LOW HITPOINT WARNING * * *
The ice beast freezes you!
You die...
Your body disappears without a glow.

# ..#.. . . #.
..#.#.#.#
##.##.#.#.#.#
#............
#.<#.#.####
#####..#.#....#.
.................
#########.##########
..........@Y......
#######.#########.
...[ .....# .....###
..##. . #.


You could see an ice beast.

Vanquished Creatures
  A phantom (D:5)
  An ogre (D:5)
  Blork the orc (D:5)
  A howler monkey (D:5)
  A crimson imp (D:5)
  An orc priest (D:3)
  Crazy Yiuf (D:3)
  A giant frog skeleton (D:5)
  An iguana (D:4)
  4 orc wizards
  A worker ant (D:5)
  A hound skeleton (D:5)
  5 gnolls
  3 adders
  6 oozes
  6 worms
  4 giant geckos
  15 orcs
  8 bats
  2 giant cockroaches (D:3)
  10 hobgoblins
  7 jackals
  6 kobolds
  2 quokkas (D:3)
  A ball python (D:1)
  A giant gecko zombie (D:5)
  6 giant newts
  11 goblins
  6 rats
114 creatures vanquished.

Vanquished Creatures (collateral kills)
  Ijyb (D:3)
  Robin (D:3)
  2 gnolls (D:3)
  An orc (D:3)
  A hobgoblin (D:3)
  A giant newt (D:3)
  2 goblins (D:3)
  A rat (D:3)
10 creatures vanquished.

Grand Total: 124 creatures vanquished

Notes
Turn   | Place    | Note
--------------------------------------------------------------
     0 | D:1      | magog001 the Octopode Assassin began the quest for the Orb.
     0 | D:1      | Reached XP level 1. HP: 14/14 MP: 1/1
   492 | D:1      | Reached XP level 2. HP: 19/19 MP: 2/2
   731 | D:1      | Reached skill level 6 in Stealth
  1179 | D:1      | Reached XP level 3. HP: 25/25 MP: 3/3
  1985 | D:2      | Found a bloodstained altar of Trog.
  2009 | D:2      | Found a basalt altar of Yredelemnul.
  2030 | D:2      | Found an opulent altar of Gozag.
  2041 | D:2      | Found a shattered altar of Ashenzari.
  2211 | D:2      | Reached XP level 4. HP: 18/30 MP: 4/4
  2562 | D:2      | Found an iron altar of Okawaru.
  2590 | D:2      | Found a sparkling altar of Nemelex Xobeh.
  2598 | D:2      | Became a worshipper of Nemelex Xobeh the Trickster
  2616 | D:2      | Received a gift from Nemelex Xobeh
  2823 | D:3      | Found a deep blue altar of Sif Muna.
  2932 | D:3      | Noticed Robin
  2947 | D:3      | Killed Robin
  2954 | D:3      | Noticed Ijyb
  2966 | D:3      | Reached skill level 7 in Stealth
  2966 | D:3      | Reached XP level 5. HP: 31/35 MP: 5/5
  2967 | D:3      | Killed Ijyb
  3427 | D:3      | Reached * piety under Nemelex Xobeh
  3427 | D:3      | Received a gift from Nemelex Xobeh
  3951 | D:3      | Noticed Crazy Yiuf
  3962 | D:3      | Killed Crazy Yiuf
  3962 | D:3      | Reached XP level 6. HP: 25/41 MP: 6/6
  4717 | D:4      | Found a sacrificial altar of Ru.
  5057 | D:5      | Entered Level 5 of the Dungeon
  5286 | D:5      | Reached ** piety under Nemelex Xobeh
  5288 | D:5      | Noticed Blork the orc
  5295 | D:5      | Killed Blork the orc
  5295 | D:5      | Reached skill level 8 in Stealth
  5295 | D:5      | Reached XP level 7. HP: 46/46 MP: 7/7
  5325 | D:5      | Gained mutation: One of your tentacles bears a spike. [potion of mutation]
  5325 | D:5      | Gained mutation: You are agile. (Dex +2) [potion of mutation]
  5325 | D:5      | Gained mutation: You are partially covered in yellow scales (AC +2). [potion of mutation]
  5502 | D:5      | Found a snail-covered altar of Cheibriados.
  5577 | D:5      | Reached skill level 1 in Evocations
  5659 | D:5      | Found a staircase to the Ecumenical Temple.
  5747 | D:5      | Reached skill level 9 in Stealth
  6282 | D:6      | HP: 2/46 [ice beast (12)]
  6283 | D:6      | Mangled by an ice beast

Skill      XL: |  1  2  3  4  5  6  7 |
---------------+----------------------+-----
Stealth        | 6 7 8 9 |  9.2
Dodging        | 2 3 |  3.5
Throwing       | 3 4 |  4.0
Fighting       | 3 |  3.2
Short Blades   | 3 |  3.8
Evocations     | 1 |  1.0

Action                   |  1- 3 |  4- 6 |  7- 9 || total
-------------------------+-------+-------+-------++-------
Melee: Dagger            |    65 |   111 |    83 ||   259
       Tentacles         |    11 |    24 |    17 ||    52
       Constrict         |    15 |    24 |    13 ||    52
       Kick              |       |       |    31 ||    31
 Fire: Blowgun           |    16 |    13 |       ||    29
Throw: Tomahawk          |       |     1 |       ||     1
Evoke: Deck              |       |     7 |       ||     7
  Use: Potion            |     1 |     2 |     8 ||    11
       Scroll            |       |     6 |     1 ||     7
 Stab: Sleeping          |    11 |     9 |     5 ||    25
       Distracted        |       |     1 |       ||     1
  Eat: Bread ration      |     1 |       |       ||     1
       Meat ration       |       |     1 |       ||     1
       Chunk             |       |     2 |     3 ||     5
       Pizza             |       |     1 |       ||     1
       Fruit             |       |       |     1 ||     1
Armor: Skin              |    11 |     5 |     6 ||    22
Dodge: Dodged            |    52 |    51 |    42 ||   145
